 Dungeon Crawl Stone Soup version 0.19.1-28-ge1247f7 (console) character file.

144 Lahna the Stinger (level 5, 0/28 HPs)
             Began as a Deep Elf Venom Mage on Jan 22, 2017.
             Slain by an orc wizard
             ... wielding a +0 dagger
              (2 damage)
             ... on level 3 of the Dungeon.
             The game lasted 00:12:55 (3666 turns).

Lahna the Stinger (Deep Elf Venom Mage)             Turns: 3666, Time: 00:12:56

Health: 0/28       AC:  3    Str:  8    XL:     5   Next: 5%
Magic:  5/11       EV: 13    Int: 21    God:
Gold:   101        SH:  0    Dex: 15    Spells: 1 memorised, 9 levels left

rFire  . . .     SeeInvis .     m - +0 dagger
rCold  . . .     Gourm    .     a - +0 robe
rNeg   . . .     Faith    .     (no shield)
rPois  .         Spirit   .     (no helmet)
rElec  .         Reflect  .     (no cloak)
rCorr  .         Harm     .     (no gloves)
MR     .....                    s - +0 pair of boots
Stlth  +++.......               (no amulet)
                                r - ring of stealth
                                g - +3 ring of strength

@: no status effects
A: no striking features
a: no special abilities


You were on level 3 of the Dungeon.
You were not hungry.

You visited 1 branch of the dungeon, and saw 3 of its levels.

You collected 101 gold pieces.

Inventory:

Hand Weapons
 m - a +0 dagger (weapon)
Armour
 a - a +0 robe (worn)
 s - a +0 pair of boots (worn)
Jewellery
 g - a +3 ring of strength (left hand)
 r - a ring of stealth (right hand)
Wands
 q - a wand of paralysis (19/24)
Scrolls
 e - 2 scrolls of random uselessness {unknown}
 h - a scroll of enchant weapon {unknown}
 i - a scroll of immolation {unknown}
 j - 3 scrolls of identify {unknown}
 n - 3 scrolls of remove curse {unknown}
 p - a scroll of recharging {unknown}
Potions
 k - a potion of heal wounds {unknown}
 o - a potion of ambrosia {unknown}
 t - a potion of cure mutation
Books
 b - a Young Poisoner's Handbook

   Spells                             Type                      Level
   a - Sting                          Conjuration/Poison           1
   b - Mephitic Cloud                 Conjuration/Poison/Air       3
   c - Olgreb's Toxic Radiance        Poison                       4
   d - Alistair's Intoxication        Transmutation/Poison         5
   e - Venom Bolt                     Conjuration/Poison           5
Comestibles
 c - 4 bread rations
 d - 4 meat rations
 f - 2 chunks of flesh
 l - 3 fruits


   Skills:
 - Level 2.0 Short Blades
 - Level 3.0 Dodging
 - Level 3.0 Stealth
 - Level 3.0 Spellcasting
 + Level 6.0 Poison Magic


You had 9 spell levels left.
You knew the following spells:

 Your Spells              Type           Power        Failure   Level  Hunger
a - Sting                 Conj/Pois      ###.         4%          1    None


Dungeon Overview and Level Annotations

Branches:
Dungeon (3/15)

Altars:


Message History

Confirm with . or Enter, or press ? or * to list all spells.
Aiming: Sting
Press: ? - help, Shift-Dir - straight line, f/p - orc wizard
Aim: an orc wizard, wielding a dagger and wearing a robe (severely wounded, fast, poisoned)
The sting hits the orc wizard.
The orc wizard looks even sicker.
The orc wizard is almost dead.
The orc wizard gestures at you while chanting.
The puff of frost hits you!
Casting: Sting
Confirm with . or Enter, or press ? or * to list all spells.
Aiming: Sting
Press: ? - help, Shift-Dir - straight line, f/p - orc wizard
Aim: an orc wizard, wielding a dagger and wearing a robe (almost dead, fast, poisoned)
The sting hits the orc wizard.
The orc wizard appears unharmed.
The orc wizard is almost dead.
The orc wizard casts a spell at you. The puff of flame hits you!
* * * LOW HITPOINT WARNING * * *
The orc wizard hits you with a dagger.
You die...

#.# .......#... #.#
....#+##.## #.# #.#.
#.# #.#. #.# #.#.
#.########## #######.#.
#.#.. ..... ..........
#.##.###.###########.#.
#.##oo@).....†.........
#.###################..
#......>...............
#######################
#. #. #. ##


You could see 2 orc wizards.

Vanquished Creatures
  5 adders
  3 oozes
  A worm (D:2)
  A dart slug (D:1)
  8 orcs (D:3)
  9 bats
  2 giant cockroaches
  7 hobgoblins
  6 jackals (D:3)
  5 kobolds
  A quokka (D:3)
  4 frilled lizards
  11 goblins
  3 rats
66 creatures vanquished.

Notes
Turn   | Place    | Note
-------+----------+-------------------------------------------
     0 | D:1      | Lahna the Deep Elf Venom Mage began the quest for the Orb.
     0 | D:1      | Reached XP level 1. HP: 10/10 MP: 6/6
    93 | D:1      | Reached XP level 2. HP: 15/15 MP: 0/8
   140 | D:1      | Reached skill level 5 in Poison Magic
   911 | D:1      | Reached XP level 3. HP: 19/19 MP: 7/9
  1652 | D:2      | Found a faded altar of an unknown god.
  2103 | D:2      | Reached XP level 4. HP: 17/24 MP: 8/10
  2431 | D:2      | HP: 1/24 [poisoned by an adder]
  2526 | D:3      | Reached skill level 6 in Poison Magic
  2756 | D:3      | Reached skill level 1 in Short Blades
  3644 | D:3      | Reached XP level 5. HP: 28/28 MP: 11/11
  3666 | D:3      | Slain by an orc wizard

Skill      XL: |  1  2  3  4 |
---------------+-------------+-----
Poison Magic   | 5 6 |  6.0
Stealth        | 3 |  3.0
Dodging        | 3 |  3.0
Short Blades   | 2 |  2.0
Spellcasting   | |  3.0

Action                   |  1- 3 |  4- 6 || total
-------------------------+-------+-------++-------
Melee: Short sword       |     7 |       ||     7
       Whip              |    34 |    24 ||    58
       Unarmed           |     2 |       ||     2
       Dagger            |       |    15 ||    15
 Cast: Sting             |    65 |    58 ||   123
  Use: Potion            |       |     3 ||     3
 Stab: Distracted        |     1 |       ||     1
       Sleeping          |       |     7 ||     7
  Eat: Chunk             |     3 |     5 ||     8
Armor: Robe              |    10 |    10 ||    20
Dodge: Dodged            |    30 |    44 ||    74
